Avalanche vs Canadiens
Created - January 18, 2025 at 20:26
Goals
|
| Avalanche |
2 |
2 |
5 |
9 |
| Canadiens |
0 |
1 |
2 |
3 |
|
Shots
|
| Avalanche |
10 |
8 |
15 |
33 |
| Canadiens |
10 |
5 |
10 |
25 |
|
1st period
1. Avalanche , Kyle Clifford 11 (Jean-Gabriel Pageau 17, Rickard Rakell 18) at 3:00 (PP)
2. Avalanche , Jarred Tinordi 1 (Bryan Little 20) at 19:25 (PP)
Penalties :
Ladislav Smid (Mtl) for Slashing (Minor) at 2:46, Nikita Kucherov (Mtl) for Roughing (Minor) at 7:14, Bryan Little (Col) for High sticking (Minor) at 15:05, Sean Monahan (Mtl) for Goalie Interference (Minor) at 18:05
2nd period
3. Avalanche , Nick Cousins 11 (Kyle Clifford 21, Bryan Little 21) at 2:43
4. Canadiens , Brandon Carlo 4 (Mikkel Boedker 22, David Pastrnak 23) at 6:09 (PP)
5. Avalanche , Kyle Clifford 12 (Rickard Rakell 19, Jean-Gabriel Pageau 18) at 18:02 (PP)
Penalties :
Joseph Blandisi (Col) for Hooking (Minor) at 4:11, Erik Karlsson (Col) for Slashing (Minor) at 7:19, Adam Fox (Mtl) for Hooking (Minor) at 10:44, Ladislav Smid (Mtl) for Tripping (Minor) at 17:43
3rd period
6. Avalanche , Rickard Rakell 15 (Jacob Slavin 14, Jean-Gabriel Pageau 19) at 2:12
7. Avalanche , Ryan O'Reilly 7 (Vladislav Gavrikov 4, Jack Johnson 4) at 5:11
8. Avalanche , Patric Hornqvist 7 (Jack Johnson 5, Ryan O'Reilly 12) at 9:52
9. Avalanche , Patric Hornqvist 8 (Ryan O'Reilly 13) at 13:24
10. Canadiens , Mikkel Boedker 23 (David Pastrnak 24, Auston Matthews 16) at 17:04 (PP)
11. Avalanche , Rickard Rakell 16 (Andrei Kuzmenko 14, Jean-Gabriel Pageau 20) at 18:15
12. Canadiens , Quinn Hughes 1 (David Pastrnak 25, Mikkel Boedker 23) at 18:33
Penalties :
Kyle Clifford (Col) for Goalie Interference (Minor) at 2:56, Ben Smith (Mtl) for Tripping (Minor) at 11:09, Nick Cousins (Col) for Holding (Minor) at 16:56, Auston Matthews (Mtl) for Hooking (Minor) at 18:48
Goalie Stats
Robin Lehner (Col), 22 saves from 25 shots - (0.880), W, 12-13-2, 60:00 minutes
John Gibson (Mtl), 14 saves from 18 shots - (0.778), L, 13-10-4, 38:02 minutes
Maxime Daigneault (Mtl), 10 saves from 15 shots - (0.667), 21:58 minutes
Players Stats for Avalanche
Player Name G A P +/- PIM S H SB GA TA FO MP PP MP PK MP
------------------------------------------------------------------------------------
Andrei Kuzmenko 0 1 1 2 0 4 0 0 2 0 0/0 17:27 4:42 0:00
Anthony Duclair 0 0 0 1 0 0 1 0 1 0 0/0 11:56 0:00 0:55
Bryan Little 0 2 2 1 2 1 1 0 1 0 9/13 18:40 4:42 0:03
David Rundblad 0 0 0 4 0 0 2 0 0 0 0/0 21:10 3:46 4:00
Drake Caggiula 0 0 0 0 0 0 1 0 0 0 2/6 5:31 0:00 0:00
Erik Karlsson 0 0 0 0 2 0 0 0 0 1 0/0 21:10 4:20 0:00
Jack Johnson 0 2 2 4 0 2 0 1 0 1 0/0 17:11 0:25 4:03
Jacob Slavin 0 1 1 0 0 1 0 1 1 1 0/0 25:34 3:55 4:00
Jarred Tinordi 1 0 1 1 0 1 1 0 0 0 0/0 17:15 4:41 0:00
Jean-Gabriel Pageau 0 4 4 2 0 0 1 0 1 1 20/34 20:42 4:19 3:40
Joseph Blandisi 0 0 0 0 2 1 0 0 1 0 0/0 5:30 0:00 0:00
Kyle Clifford 2 1 3 2 2 6 2 2 2 1 0/0 20:31 4:19 2:34
Nick Cousins 1 0 1 1 2 2 1 0 0 0 0/0 18:00 4:42 0:00
Patric Hornqvist 2 0 2 2 0 6 3 0 1 0 0/0 14:41 0:00 3:55
Rickard Rakell 2 2 4 2 0 6 0 2 0 2 0/0 18:33 4:19 1:04
Ryan Hartman 0 0 0 0 0 0 0 0 0 0 0/0 5:31 0:00 0:00
Ryan O'Reilly 1 2 3 2 0 3 1 0 0 0 5/13 14:41 0:00 3:55
Vladislav Gavrikov 0 1 1 1 0 0 1 1 0 0 0/0 17:49 0:55 4:03
Players Stats for Canadiens
Player Name G A P +/- PIM S H SB GA TA FO MP PP MP PK MP
------------------------------------------------------------------------------------
Adam Fox 0 0 0 -3 2 2 0 2 0 1 0/0 22:04 4:43 0:13
Anthony Cirelli 0 0 0 -1 0 0 0 0 0 0 1/10 17:47 3:04 5:14
Auston Matthews 0 1 1 -1 2 1 1 1 0 1 18/32 19:22 4:50 0:00
Ben Smith 0 0 0 -1 2 0 2 0 0 0 1/1 11:56 0:09 1:59
Brandon Carlo 1 0 1 -2 0 1 1 1 0 0 0/0 27:41 4:43 5:45
David Pastrnak 0 3 3 -1 0 4 1 0 1 0 1/1 19:32 4:57 0:00
Frederick Gaudreau 0 0 0 -2 0 0 2 0 0 0 0/0 11:44 0:00 5:02
Jacob De La Rose 0 0 0 -1 0 0 0 0 0 1 1/1 11:35 0:00 0:00
Jeff Schultz 0 0 0 -1 0 0 0 2 0 1 0/0 13:44 0:00 5:45
Joel Eriksson Ek 0 0 0 -2 0 0 1 0 0 0 0/3 9:40 0:00 2:49
Ladislav Smid 0 0 0 -1 4 0 0 1 0 0 0/0 10:28 0:00 3:03
Matthew Tkachuk 0 0 0 -2 0 2 0 0 1 1 0/0 7:15 0:02 0:16
Michael Matheson 0 0 0 -1 0 1 1 2 0 1 0/0 20:53 0:00 3:03
Mikkel Boedker 1 2 3 -1 0 4 0 0 2 1 1/1 21:53 4:59 1:44
Nick Suzuki 0 0 0 -1 0 2 1 0 0 1 2/8 13:59 3:04 0:58
Nikita Kucherov 0 0 0 -1 2 4 0 1 1 0 1/1 14:32 3:04 0:00
Quinn Hughes 1 0 1 -2 0 4 2 1 2 2 0/0 21:49 3:20 0:13
Sean Monahan 0 0 0 -1 2 0 0 0 0 0 4/8 14:58 3:20 0:00
3 Stars
1 - Rickard Rakell (Col)
2 - Kyle Clifford (Col)
3 - Patric Hornqvist (Col)
Power Play
Avalanche - 3 on 7 Attempt(s) - 42.86%
Canadiens - 2 on 5 Attempt(s) - 40.00%
Penalty Kill
Avalanche - 3 on 5 Attempt(s) - 60.00%
- Score 0 goal in Penalty Kill
Canadiens - 4 on 7 Attempt(s) - 57.14%
- Score 0 goal in Penalty Kill
Team Stat
Avalanche - Hits : 15 - Faceoff Wins : 36 - Blocked Shots : 7 - Penalty Minutes : 10
Canadiens - Hits : 12 - Faceoff Wins : 30 - Blocked Shots : 11 - Penalty Minutes : 14
Official
Referees : Francois St. Laurent and Steve Kozari
Linesman : Tony Sericolo and Julien Fournier
Game Notes
Maxime Daigneault enters game at 18:02 of 2nd period
Finance
Level 1 -- Attendance: 5730 (95.50%) -- Ticket Income $573,000
Level 2 -- Attendance: 5000 (100.00%) -- Ticket Income $350,000
Level 3 -- Attendance: 1982 (99.10%) -- Ticket Income $79,280
Level 4 -- Attendance: 3929 (98.23%) -- Ticket Income $117,870
Luxury Box -- Attendance: 1000 (100.00%) -- Ticket Income $200,000
Game was played at the Centre Bell.
Total Attendance: 17641 (98.01%)
Total Ticket Income: $1,320,150
Other Income: $198,022
Total Income: $1,518,172
Avalanche
5 vs 5 Forward
Center Left Wing Right Wing Time % Phy DF OF
1 Jean-Gabriel Pageau Andrei Kuzmenko Rickard Rakell 31 1 2 2
2 Bryan Little Kyle Clifford Nick Cousins 31 1 2 2
3 Ryan O'Reilly Anthony Duclair Patric Hornqvist 27 1 2 2
4 Drake Caggiula Joseph Blandisi Ryan Hartman 11 1 2 2
5 vs 5 Defense
Defense Defense Time % Phy DF OF
1 Erik Karlsson Jacob Slavin 38 1 2 2
2 Jack Johnson David Rundblad 30 1 2 2
3 Vladislav Gavrikov Jarred Tinordi 28 1 2 2
4 Jack Johnson Jacob Slavin 4 1 2 2
PowerPlay Forward
Center Left Wing Right Wing Time % Phy DF OF
1 Jean-Gabriel Pageau Kyle Clifford Rickard Rakell 50 0 1 4
2 Bryan Little Andrei Kuzmenko Nick Cousins 50 0 1 4
PowerPlay Defense
Defense Defense Time % Phy DF OF
1 Jacob Slavin Erik Karlsson 50 0 2 3
2 Jarred Tinordi David Rundblad 50 0 2 3
Penalty Kill 4 Players Forward
Center Wing Time % Phy DF OF
1 Jean-Gabriel Pageau Kyle Clifford 50 1 3 1
2 Ryan O'Reilly Patric Hornqvist 50 1 3 1
Penalty Kill 4 Players Defense
Defense Defense Time % Phy DF OF
1 Jacob Slavin David Rundblad 50 1 3 1
2 Jack Johnson Vladislav Gavrikov 50 1 3 1
Penalty Kill - 3 Players Forward
Forward Time % Phy DF OF
1 Kyle Clifford 55 1 4 0
2 Jean-Gabriel Pageau 45 1 4 0
Penalty Kill - 3 Players Defense
Defense Defense Time % Phy DF OF
1 Jacob Slavin David Rundblad 50 1 4 0
2 Jack Johnson Vladislav Gavrikov 50 1 4 0
4 vs 4 Forward
Center Wing Time % Phy DF OF
1 Jean-Gabriel Pageau Kyle Clifford 50 1 2 2
2 Ryan O'Reilly Andrei Kuzmenko 50 1 2 2
4 vs 4 Defense
Defense Defense Time % Phy DF OF
1 Jacob Slavin Vladislav Gavrikov 55 1 2 2
2 Jack Johnson David Rundblad 45 1 2 2
Last Minutes Offensive
Center Left Wing Right Wing Defense Defense
Jean-Gabriel Pageau Anthony Duclair Patric Hornqvist Erik Karlsson Jacob Slavin
Last Minutes Defensive
Center Left Wing Right Wing Defense Defense
Jean-Gabriel Pageau Kyle Clifford Rickard Rakell Jacob Slavin Jack Johnson
Goaltenders
Starting : Robin Lehner
Backup : Semyon Varlamov
Extra Forwards
Normal : Drake Caggiula, Joseph Blandisi, Ryan Hartman - PP : Anthony Duclair, Ryan O'Reilly - PK : Rickard Rakell
Extra Defensemen
Normal : Vladislav Gavrikov, Jarred Tinordi, David Rundblad - PP : Vladislav Gavrikov - PK : Jarred Tinordi, Erik Karlsson
Penalty Shots
Andrei Kuzmenko, Anthony Duclair, Bryan Little, Patric Hornqvist, Kyle Clifford
Custom OT Lines Forwards
Kyle Clifford, Jean-Gabriel Pageau, Bryan Little, Patric Hornqvist, Rickard Rakell, Ryan O'Reilly, Andrei Kuzmenko, Nick Cousins, Ryan Hartman, Anthony Duclair
Custom OT Lines Defensemen
Jacob Slavin, Erik Karlsson, Jack Johnson, David Rundblad, Jarred Tinordi
Scratches
Luke Witkowski (Healthy), Stefan Elliott (Right Hand Injury)
Canadiens
5 vs 5 Forward
Center Left Wing Right Wing Time % Phy DF OF
1 Auston Matthews Mikkel Boedker David Pastrnak 40 0 2 3
2 Sean Monahan Jacob De La Rose Nikita Kucherov 25 0 2 3
3 Nick Suzuki Anthony Cirelli Ben Smith 20 0 3 2
4 Joel Eriksson Ek Matthew Tkachuk Frederick Gaudreau 15 2 3 0
5 vs 5 Defense
Defense Defense Time % Phy DF OF
1 Adam Fox Brandon Carlo 40 0 3 2
2 Quinn Hughes Michael Matheson 40 0 3 2
3 Jeff Schultz Ladislav Smid 20 1 3 1
4 Ladislav Smid Michael Matheson 0 1 2 2
PowerPlay Forward
Center Left Wing Right Wing Time % Phy DF OF
1 Auston Matthews Mikkel Boedker David Pastrnak 60 0 2 3
2 Nick Suzuki Anthony Cirelli Nikita Kucherov 40 0 2 3
PowerPlay Defense
Defense Defense Time % Phy DF OF
1 Sean Monahan Quinn Hughes 60 0 2 3
2 Brandon Carlo Adam Fox 40 0 2 3
Penalty Kill 4 Players Forward
Center Wing Time % Phy DF OF
1 Anthony Cirelli Frederick Gaudreau 60 1 3 1
2 Joel Eriksson Ek Ben Smith 40 1 3 1
Penalty Kill 4 Players Defense
Defense Defense Time % Phy DF OF
1 Jeff Schultz Brandon Carlo 60 1 3 1
2 Michael Matheson Ladislav Smid 40 1 3 1
Penalty Kill - 3 Players Forward
Forward Time % Phy DF OF
1 Anthony Cirelli 60 1 3 1
2 Ben Smith 40 1 3 1
Penalty Kill - 3 Players Defense
Defense Defense Time % Phy DF OF
1 Jeff Schultz Brandon Carlo 60 1 3 1
2 Ladislav Smid Michael Matheson 40 1 3 1
4 vs 4 Forward
Center Wing Time % Phy DF OF
1 Auston Matthews David Pastrnak 60 1 2 2
2 Sean Monahan Nikita Kucherov 40 1 2 2
4 vs 4 Defense
Defense Defense Time % Phy DF OF
1 Adam Fox Brandon Carlo 60 1 2 2
2 Quinn Hughes Jeff Schultz 40 1 2 2
Last Minutes Offensive
Center Left Wing Right Wing Defense Defense
Auston Matthews Mikkel Boedker David Pastrnak Adam Fox Quinn Hughes
Last Minutes Defensive
Center Left Wing Right Wing Defense Defense
Frederick Gaudreau Anthony Cirelli Ben Smith Jeff Schultz Brandon Carlo
Goaltenders
Starting : John Gibson
Backup : Maxime Daigneault
Extra Forwards
Normal : Sean Monahan, Matthew Tkachuk, Anthony Cirelli - PP : Ben Smith, Matthew Tkachuk - PK : Joel Eriksson Ek
Extra Defensemen
Normal : Michael Matheson, Quinn Hughes, Ladislav Smid - PP : Michael Matheson - PK : Adam Fox, Quinn Hughes
Penalty Shots
David Pastrnak, Sean Monahan, Mikkel Boedker, Nikita Kucherov, Ben Smith
Custom OT Lines Forwards
Auston Matthews, David Pastrnak, Sean Monahan, Mikkel Boedker, Nikita Kucherov, Ben Smith, Anthony Cirelli, Matthew Tkachuk, Nick Suzuki, Frederick Gaudreau
Custom OT Lines Defensemen
Brandon Carlo, Adam Fox, Quinn Hughes, Jeff Schultz, Michael Matheson
Scratches
Pierre-Edouard Bellemare (Healthy)
% Time on Ice - Avalanche
Lines # - Real PCT - Wanted PCT - Time Play
Normal Forward
1 - 30% - 31% - 12:49
2 - 33% - 31% - 14:06
3 - 24% - 27% - 10:30
4 - 13% - 11% - 5:31
Normal Defense
1 - 41% - 38% - 17:39
2 - 30% - 30% - 12:59
3 - 29% - 28% - 12:18
4 - 0% - 4% - 0:00
PP Forward
1 - 48% - 50% - 4:19
2 - 52% - 50% - 4:42
PP Defense
1 - 48% - 50% - 4:20
2 - 52% - 50% - 4:41
PK Forward
1 - 51% - 50% - 4:04
2 - 49% - 50% - 3:59
PK Defense
1 - 50% - 50% - 4:00
2 - 50% - 50% - 4:03
PK3 Forward
1 - 0% - 55%
2 - 0% - 45%
PK3 Defense
1 - 0% - 50%
2 - 0% - 50%
44 Forward
1 - 0% - 50%
2 - 0% - 50%
44 Defense
1 - 0% - 55%
2 - 0% - 45%
Last Minute Offensive - 0:00
Last Minute Defensive - 0:00
Total
Forward - 60:00
Defense - 60:00
|
% Time on Ice - Canadiens
Lines # - Real PCT - Wanted PCT - Time Play
Normal Forward
1 - 35% - 40% - 15:10
2 - 27% - 25% - 11:35
3 - 22% - 20% - 9:29
4 - 16% - 15% - 6:42
Normal Defense
1 - 42% - 40% - 18:08
2 - 41% - 40% - 17:41
3 - 16% - 20% - 6:53
4 - 1% - 0% - 0:14
PP Forward
1 - 62% - 60% - 4:59
2 - 38% - 40% - 3:04
PP Defense
1 - 41% - 60% - 3:20
2 - 59% - 40% - 4:43
PK Forward
1 - 72% - 60% - 6:28
2 - 28% - 40% - 2:33
PK Defense
1 - 66% - 60% - 5:58
2 - 34% - 40% - 3:03
PK3 Forward
1 - 0% - 60%
2 - 0% - 40%
PK3 Defense
1 - 0% - 60%
2 - 0% - 40%
44 Forward
1 - 0% - 60%
2 - 0% - 40%
44 Defense
1 - 0% - 60%
2 - 0% - 40%
Last Minute Offensive - 0:00
Last Minute Defensive - 0:00
Total
Forward - 60:00
Defense - 60:00
|
Play-by-Play
1st period
0:01 of 1st period - Auston Matthews wins face-off versus Jean-Gabriel Pageau in neutral zone.
0:10 of 1st period - Wrist shot by David Pastrnak.
0:10 of 1st period - Shot Misses the Net.
0:34 of 1st period - Snap shot by Nikita Kucherov.
0:34 of 1st period - Stopped by Robin Lehner without a rebound.
0:35 of 1st period - Ben Smith wins face-off versus Ryan O'Reilly in Avalanche zone.
0:46 of 1st period - Snap shot by Patric Hornqvist.
0:46 of 1st period - Stopped by John Gibson without a rebound.
0:47 of 1st period - Drake Caggiula wins face-off versus Joel Eriksson Ek in Canadiens zone.
1:18 of 1st period - Wrist shot by Sean Monahan.
1:18 of 1st period - Shot Misses the Net.
1:22 of 1st period - Wrist shot by Sean Monahan.
1:22 of 1st period - Shot Misses the Net.
1:24 of 1st period - Slapshot by Quinn Hughes.
1:24 of 1st period - Deflect By Vladislav Gavrikov.
1:24 of 1st period - Stopped by Robin Lehner with a rebound.
1:26 of 1st period - Slapshot by Nikita Kucherov.
1:26 of 1st period - Shot Misses the Net.
2:20 of 1st period - Snap shot by Matthew Tkachuk.
2:20 of 1st period - Stopped by Robin Lehner with a rebound.
2:22 of 1st period - Snap shot by Matthew Tkachuk.
2:22 of 1st period - Stopped by Robin Lehner without a rebound.
2:23 of 1st period - Jean-Gabriel Pageau wins face-off versus Joel Eriksson Ek in Avalanche zone.
2:30 of 1st period - Snap shot by Andrei Kuzmenko.
2:30 of 1st period - Stopped by John Gibson with a rebound.
2:38 of 1st period - Snap shot by Jean-Gabriel Pageau.
2:38 of 1st period - Shot Misses the Net.
2:46 of 1st period - Minor Penalty to Ladislav Smid for Slashing.
2:47 of 1st period - Jean-Gabriel Pageau wins face-off versus Anthony Cirelli in Canadiens zone.
2:58 of 1st period - Wrist shot by Rickard Rakell.
2:58 of 1st period - Shot Misses the Net.
3:00 of 1st period - Wrist shot by Jean-Gabriel Pageau.
3:00 of 1st period - Deflect By Kyle Clifford.
3:00 of 1st period - Goal by Kyle Clifford - Avalanche : 1 - Canadiens : 0.
3:01 of 1st period - Bryan Little wins face-off versus Auston Matthews in neutral zone.
3:16 of 1st period - Snap shot by Bryan Little.
3:16 of 1st period - Shot Misses the Net.
3:55 of 1st period - Snap shot by Rickard Rakell.
3:55 of 1st period - Shot Misses the Net.
4:24 of 1st period - Icing by Jack Johnson.
4:25 of 1st period - Bryan Little wins face-off versus Auston Matthews in Avalanche zone.
4:38 of 1st period - Snap shot by David Pastrnak.
4:38 of 1st period - Shot Misses the Net.
4:40 of 1st period - Snap shot by Mikkel Boedker.
4:40 of 1st period - Shot Blocked by Kyle Clifford.
5:17 of 1st period - Slapshot by Bryan Little.
5:17 of 1st period - Shot Blocked by Ladislav Smid.
5:35 of 1st period - Matthew Tkachuk is hit by David Rundblad and loses puck.
5:48 of 1st period - Jack Johnson is hit by Frederick Gaudreau and loses puck.
6:01 of 1st period - Slapshot by Ryan O'Reilly.
6:01 of 1st period - Stopped by John Gibson with a rebound.
6:03 of 1st period - Slapshot by Jack Johnson.
6:03 of 1st period - Stopped by John Gibson without a rebound.
6:04 of 1st period - Jean-Gabriel Pageau wins face-off versus Auston Matthews in Canadiens zone.
6:15 of 1st period - Snap shot by David Pastrnak.
6:15 of 1st period - Shot Misses the Net.
6:19 of 1st period - Slapshot by David Pastrnak.
6:19 of 1st period - Deflect By Auston Matthews.
6:19 of 1st period - Shot Misses the Net.
6:19 of 1st period - Puck is out of play.
6:20 of 1st period - Jacob De La Rose wins face-off versus Drake Caggiula in Avalanche zone.
6:21 of 1st period - Slapshot by Nikita Kucherov.
6:21 of 1st period - Shot Misses the Net.
6:23 of 1st period - Slapshot by Quinn Hughes.
6:23 of 1st period - Stopped by Robin Lehner with a rebound.
6:25 of 1st period - Slapshot by Michael Matheson.
6:25 of 1st period - Shot Misses the Net.
6:27 of 1st period - Wrist shot by Nikita Kucherov.
6:27 of 1st period - Stopped by Robin Lehner without a rebound.
6:28 of 1st period - Sean Monahan wins face-off versus Drake Caggiula in Avalanche zone.
6:47 of 1st period - Snap shot by Nikita Kucherov.
6:47 of 1st period - Stopped by Robin Lehner with a rebound.
6:49 of 1st period - Slapshot by Michael Matheson.
6:49 of 1st period - Stopped by Robin Lehner with a rebound.
7:14 of 1st period - Minor Penalty to Nikita Kucherov for Roughing.
7:15 of 1st period - Bryan Little wins face-off versus Anthony Cirelli in Canadiens zone.
8:49 of 1st period - Kyle Clifford is hit by Ben Smith and loses puck.
9:14 of 1st period - Penalty to Nikita Kucherov is over, Nikita Kucherov is back on ice.
10:03 of 1st period - Off-side.
10:04 of 1st period - Nick Suzuki wins face-off versus Drake Caggiula in neutral zone.
10:30 of 1st period - Andrei Kuzmenko is hit by Auston Matthews and loses puck.
11:17 of 1st period - Michael Matheson is hit by Patric Hornqvist.
11:20 of 1st period - Off-side.
11:21 of 1st period - Auston Matthews wins face-off versus Drake Caggiula in neutral zone.
11:57 of 1st period - Slapshot by Erik Karlsson.
11:57 of 1st period - Shot Blocked by Michael Matheson.
11:59 of 1st period - Wrist shot by Kyle Clifford.
11:59 of 1st period - Shot Misses the Net.
12:09 of 1st period - Quinn Hughes is hit by Patric Hornqvist.
12:53 of 1st period - Slapshot by Quinn Hughes.
12:53 of 1st period - Deflect By Ben Smith.
12:53 of 1st period - Shot Misses the Net.
12:53 of 1st period - Puck is out of play.
12:54 of 1st period - Jean-Gabriel Pageau wins face-off versus Auston Matthews in Avalanche zone.
13:21 of 1st period - Sean Monahan is hit by Jarred Tinordi and loses puck.
13:26 of 1st period - Slapshot by Kyle Clifford.
13:26 of 1st period - Stopped by John Gibson without a rebound.
13:27 of 1st period - Auston Matthews wins face-off versus Bryan Little in Canadiens zone.
13:40 of 1st period - Snap shot by Mikkel Boedker.
13:40 of 1st period - Stopped by Robin Lehner with a rebound.
13:42 of 1st period - Snap shot by David Pastrnak.
13:42 of 1st period - Stopped by Robin Lehner with a rebound.
13:59 of 1st period - Slapshot by Andrei Kuzmenko.
13:59 of 1st period - Shot Misses the Net.
14:13 of 1st period - Jarred Tinordi is hit by Joel Eriksson Ek and loses puck.
14:21 of 1st period - Off-side.
14:22 of 1st period - Mikkel Boedker wins face-off versus Jean-Gabriel Pageau in neutral zone.
14:51 of 1st period - Wrist shot by Kyle Clifford.
14:51 of 1st period - Shot Misses the Net.
15:05 of 1st period - Minor Penalty to Bryan Little for High sticking.
15:06 of 1st period - Jean-Gabriel Pageau wins face-off versus Auston Matthews in Avalanche zone.
17:05 of 1st period - Penalty to Bryan Little is over, Bryan Little is back on ice.
17:13 of 1st period - Wrist shot by Matthew Tkachuk.
17:13 of 1st period - Shot Blocked by Rickard Rakell.
17:25 of 1st period - Snap shot by Rickard Rakell.
17:25 of 1st period - Stopped by John Gibson with a rebound.
18:05 of 1st period - Minor Penalty to Sean Monahan for Goalie Interference.
18:06 of 1st period - Bryan Little wins face-off versus Anthony Cirelli in Canadiens zone.
18:13 of 1st period - Nick Cousins is hit by Frederick Gaudreau and loses puck.
19:18 of 1st period - Bryan Little is hit by Ben Smith and loses puck.
19:25 of 1st period - Snap shot by Jarred Tinordi.
19:25 of 1st period - Goal by Jarred Tinordi - Avalanche : 2 - Canadiens : 0.
19:26 of 1st period - Auston Matthews wins face-off versus Ryan O'Reilly in neutral zone.
19:37 of 1st period - Snap shot by Patric Hornqvist.
19:37 of 1st period - Stopped by John Gibson with a rebound.
19:57 of 1st period - Slapshot by Jacob Slavin.
19:57 of 1st period - Stopped by John Gibson with a rebound.
19:59 of 1st period - Wrist shot by Erik Karlsson.
19:59 of 1st period - Shot Blocked by Adam Fox.
Goals for this period are 2 for Avalanche vs 0 for Canadiens.
Shots for this period are 10 for Avalanche vs 10 for Canadiens.
2nd period
0:01 of 2nd period - Auston Matthews wins face-off versus Jean-Gabriel Pageau in neutral zone.
0:17 of 2nd period - Snap shot by Mikkel Boedker.
0:17 of 2nd period - Stopped by Robin Lehner with a rebound.
0:33 of 2nd period - Slapshot by Nick Suzuki.
0:33 of 2nd period - Shot Misses the Net.
0:42 of 2nd period - Icing by Jarred Tinordi.
0:43 of 2nd period - Ryan O'Reilly wins face-off versus Sean Monahan in Avalanche zone.
1:39 of 2nd period - Slapshot by Jacob Slavin.
1:39 of 2nd period - Deflect By Kyle Clifford.
1:39 of 2nd period - Stopped by John Gibson without a rebound.
1:40 of 2nd period - Bryan Little wins face-off versus Sean Monahan in Canadiens zone.
2:04 of 2nd period - Icing by Brandon Carlo.
2:05 of 2nd period - Auston Matthews wins face-off versus Jean-Gabriel Pageau in Canadiens zone.
2:32 of 2nd period - Brandon Carlo is hit by Kyle Clifford and loses puck.
2:43 of 2nd period - Slapshot by Nick Cousins.
2:43 of 2nd period - Goal by Nick Cousins - Avalanche : 3 - Canadiens : 0.
2:44 of 2nd period - Jean-Gabriel Pageau wins face-off versus Auston Matthews in neutral zone.
2:48 of 2nd period - Jacob Slavin is hit by David Pastrnak and loses puck.
4:05 of 2nd period - Slapshot by Quinn Hughes.
4:05 of 2nd period - Shot Misses the Net.
4:11 of 2nd period - Minor Penalty to Joseph Blandisi for Hooking.
4:12 of 2nd period - Anthony Cirelli wins face-off versus Jean-Gabriel Pageau in Avalanche zone.
4:13 of 2nd period - Wrist shot by Nikita Kucherov.
4:13 of 2nd period - Deflect By Nick Suzuki.
4:13 of 2nd period - Shot Blocked by Vladislav Gavrikov.
4:13 of 2nd period - Puck is out of play.
4:14 of 2nd period - Jean-Gabriel Pageau wins face-off versus Nick Suzuki in Avalanche zone.
4:43 of 2nd period - Wrist shot by Ryan O'Reilly.
4:43 of 2nd period - Shot Blocked by Adam Fox.
4:55 of 2nd period - Icing by Auston Matthews.
4:56 of 2nd period - Ryan O'Reilly wins face-off versus Auston Matthews in Canadiens zone.
4:57 of 2nd period - Wrist shot by Patric Hornqvist.
4:57 of 2nd period - Stopped by John Gibson with a rebound.
6:07 of 2nd period - Snap shot by Mikkel Boedker.
6:07 of 2nd period - Shot Blocked by Jacob Slavin.
6:09 of 2nd period - Slapshot by Brandon Carlo.
6:09 of 2nd period - Goal by Brandon Carlo - Avalanche : 3 - Canadiens : 1.
6:10 of 2nd period - Nikita Kucherov wins face-off versus Jean-Gabriel Pageau in neutral zone.
6:23 of 2nd period - Slapshot by Quinn Hughes.
6:23 of 2nd period - Stopped by Robin Lehner with a rebound.
7:04 of 2nd period - Wrist shot by Ryan Hartman.
7:04 of 2nd period - Deflect By Joseph Blandisi.
7:04 of 2nd period - Stopped by John Gibson without a rebound.
7:05 of 2nd period - Sean Monahan wins face-off versus Jean-Gabriel Pageau in Canadiens zone.
7:19 of 2nd period - Minor Penalty to Erik Karlsson for Slashing.
7:20 of 2nd period - Auston Matthews wins face-off versus Jean-Gabriel Pageau in Avalanche zone.
7:22 of 2nd period - Snap shot by Auston Matthews.
7:22 of 2nd period - Shot Blocked by Jack Johnson.
7:24 of 2nd period - Slapshot by Quinn Hughes.
7:24 of 2nd period - Shot Blocked by Kyle Clifford.
7:51 of 2nd period - Slapshot by Adam Fox.
7:51 of 2nd period - Stopped by Robin Lehner with a rebound.
7:53 of 2nd period - Snap shot by Nikita Kucherov.
7:53 of 2nd period - Shot Hit the Post.
7:55 of 2nd period - Snap shot by Nick Suzuki.
7:55 of 2nd period - Stopped by Robin Lehner with a rebound.
9:19 of 2nd period - Penalty to Erik Karlsson is over, Erik Karlsson is back on ice.
9:41 of 2nd period - Joel Eriksson Ek is hit by Drake Caggiula and loses puck.
10:00 of 2nd period - Ladislav Smid is hit by Ryan O'Reilly.
10:18 of 2nd period - Ladislav Smid is hit by Vladislav Gavrikov.
10:44 of 2nd period - Minor Penalty to Adam Fox for Hooking.
10:45 of 2nd period - Bryan Little wins face-off versus Anthony Cirelli in Canadiens zone.
12:35 of 2nd period - Icing by Andrei Kuzmenko.
12:36 of 2nd period - Bryan Little wins face-off versus Nick Suzuki in Avalanche zone.
12:44 of 2nd period - Penalty to Adam Fox is over, Adam Fox is back on ice.
13:17 of 2nd period - Snap shot by Joseph Blandisi.
13:17 of 2nd period - Shot Blocked by Jeff Schultz.
13:21 of 2nd period - Slapshot by Drake Caggiula.
13:21 of 2nd period - Shot Misses the Net.
13:23 of 2nd period - Slapshot by Jack Johnson.
13:23 of 2nd period - Shot Blocked by Nikita Kucherov.
14:07 of 2nd period - Ben Smith is hit by Jean-Gabriel Pageau and loses puck.
14:17 of 2nd period - Icing by Ben Smith.
14:18 of 2nd period - Drake Caggiula wins face-off versus Nick Suzuki in Canadiens zone.
14:21 of 2nd period - Slapshot by Ryan O'Reilly.
14:21 of 2nd period - Shot Misses the Net.
15:48 of 2nd period - Drake Caggiula is hit by Brandon Carlo and loses puck.
16:41 of 2nd period - Off-side.
16:42 of 2nd period - Jean-Gabriel Pageau wins face-off versus Sean Monahan in neutral zone.
16:53 of 2nd period - Snap shot by Adam Fox.
16:53 of 2nd period - Shot Misses the Net.
17:33 of 2nd period - Patric Hornqvist is hit by Michael Matheson and loses puck.
17:43 of 2nd period - Minor Penalty to Ladislav Smid for Tripping.
17:44 of 2nd period - Jean-Gabriel Pageau wins face-off versus Anthony Cirelli in Canadiens zone.
17:46 of 2nd period - Wrist shot by Rickard Rakell.
17:46 of 2nd period - Stopped by John Gibson with a rebound.
17:48 of 2nd period - Snap shot by Kyle Clifford.
17:48 of 2nd period - Shot Blocked by Brandon Carlo.
17:50 of 2nd period - Snap shot by Rickard Rakell.
17:50 of 2nd period - Stopped by John Gibson without a rebound.
17:51 of 2nd period - Jean-Gabriel Pageau wins face-off versus Anthony Cirelli in Canadiens zone.
17:56 of 2nd period - Snap shot by Kyle Clifford.
17:56 of 2nd period - Stopped by John Gibson without a rebound.
17:57 of 2nd period - Jean-Gabriel Pageau wins face-off versus Anthony Cirelli in Canadiens zone.
18:02 of 2nd period - Wrist shot by Kyle Clifford.
18:02 of 2nd period - Goal by Kyle Clifford - Avalanche : 4 - Canadiens : 1.
18:02 of 2nd period - Maxime Daigneault enters game.
18:03 of 2nd period - Auston Matthews wins face-off versus Jean-Gabriel Pageau in neutral zone.
18:34 of 2nd period - Icing by Nikita Kucherov.
18:35 of 2nd period - Sean Monahan wins face-off versus Bryan Little in Canadiens zone.
Goals for this period are 2 for Avalanche vs 1 for Canadiens.
Shots for this period are 8 for Avalanche vs 5 for Canadiens.
3rd period
0:01 of 3rd period - Auston Matthews wins face-off versus Jean-Gabriel Pageau in neutral zone.
0:12 of 3rd period - Slapshot by Mikkel Boedker.
0:12 of 3rd period - Shot Misses the Net.
0:14 of 3rd period - Snap shot by Auston Matthews.
0:14 of 3rd period - Stopped by Robin Lehner without a rebound.
0:15 of 3rd period - Auston Matthews wins face-off versus Ryan O'Reilly in Avalanche zone.
0:20 of 3rd period - Snap shot by David Pastrnak.
0:20 of 3rd period - Stopped by Robin Lehner without a rebound.
0:21 of 3rd period - Ryan O'Reilly wins face-off versus Auston Matthews in Avalanche zone.
0:30 of 3rd period - Snap shot by Ryan O'Reilly.
0:30 of 3rd period - Shot Misses the Net.
1:00 of 3rd period - Snap shot by Jean-Gabriel Pageau.
1:00 of 3rd period - Deflect By Rickard Rakell.
1:00 of 3rd period - Shot Misses the Net.
1:00 of 3rd period - Puck is out of play.
1:01 of 3rd period - Auston Matthews wins face-off versus Bryan Little in Canadiens zone.
1:12 of 3rd period - Snap shot by Kyle Clifford.
1:12 of 3rd period - Shot Misses the Net.
1:14 of 3rd period - Wrist shot by Jack Johnson.
1:14 of 3rd period - Deflect By Kyle Clifford.
1:14 of 3rd period - Shot Misses the Net.
1:14 of 3rd period - Puck is out of play.
1:15 of 3rd period - Jean-Gabriel Pageau wins face-off versus Auston Matthews in Canadiens zone.
1:24 of 3rd period - Wrist shot by Andrei Kuzmenko.
1:24 of 3rd period - Stopped by Maxime Daigneault without a rebound.
1:25 of 3rd period - Auston Matthews wins face-off versus Jean-Gabriel Pageau in Canadiens zone.
1:32 of 3rd period - Snap shot by Rickard Rakell.
1:32 of 3rd period - Stopped by Maxime Daigneault with a rebound.
1:34 of 3rd period - Snap shot by Andrei Kuzmenko.
1:34 of 3rd period - Shot Misses the Net.
1:42 of 3rd period - Slapshot by Rickard Rakell.
1:42 of 3rd period - Shot Blocked by Michael Matheson.
2:08 of 3rd period - Slapshot by Jean-Gabriel Pageau.
2:08 of 3rd period - Shot Misses the Net.
2:10 of 3rd period - Slapshot by Jacob Slavin.
2:10 of 3rd period - Shot Misses the Net.
2:12 of 3rd period - Snap shot by Rickard Rakell.
2:12 of 3rd period - Goal by Rickard Rakell - Avalanche : 5 - Canadiens : 1.
2:13 of 3rd period - Ryan O'Reilly wins face-off versus Nick Suzuki in neutral zone.
2:56 of 3rd period - Minor Penalty to Kyle Clifford for Goalie Interference.
2:57 of 3rd period - Auston Matthews wins face-off versus Jean-Gabriel Pageau in Avalanche zone.
2:58 of 3rd period - Snap shot by David Pastrnak.
2:58 of 3rd period - Shot Blocked by Rickard Rakell.
3:00 of 3rd period - Slapshot by David Pastrnak.
3:00 of 3rd period - Stopped by Robin Lehner without a rebound.
3:01 of 3rd period - Jean-Gabriel Pageau wins face-off versus Auston Matthews in Avalanche zone.
3:14 of 3rd period - Snap shot by Rickard Rakell.
3:14 of 3rd period - Shot Blocked by Auston Matthews.
3:40 of 3rd period - Ryan O'Reilly is hit by Nick Suzuki and loses puck.
4:56 of 3rd period - Penalty to Kyle Clifford is over, Kyle Clifford is back on ice.
5:03 of 3rd period - Slapshot by Kyle Clifford.
5:03 of 3rd period - Shot Blocked by Jeff Schultz.
5:05 of 3rd period - Slapshot by Jack Johnson.
5:05 of 3rd period - Stopped by Maxime Daigneault with a rebound.
5:07 of 3rd period - Slapshot by Jack Johnson.
5:07 of 3rd period - Shot Misses the Net.
5:09 of 3rd period - Slapshot by Vladislav Gavrikov.
5:09 of 3rd period - Shot Misses the Net.
5:11 of 3rd period - Wrist shot by Ryan O'Reilly.
5:11 of 3rd period - Goal by Ryan O'Reilly - Avalanche : 6 - Canadiens : 1.
5:12 of 3rd period - Nick Suzuki wins face-off versus Bryan Little in neutral zone.
5:19 of 3rd period - Wrist shot by Nick Suzuki.
5:19 of 3rd period - Stopped by Robin Lehner without a rebound.
5:20 of 3rd period - Bryan Little wins face-off versus Nick Suzuki in Avalanche zone.
5:49 of 3rd period - Snap shot by Adam Fox.
5:49 of 3rd period - Deflect By Jacob Slavin.
5:49 of 3rd period - Stopped by Robin Lehner with a rebound.
6:33 of 3rd period - Slapshot by Ben Smith.
6:33 of 3rd period - Shot Misses the Net.
6:41 of 3rd period - Brandon Carlo is hit by Nick Cousins and loses puck.
6:56 of 3rd period - Snap shot by Kyle Clifford.
6:56 of 3rd period - Deflect By Bryan Little.
6:56 of 3rd period - Shot Hit the Post.
6:56 of 3rd period - Puck is out of play.
6:57 of 3rd period - Auston Matthews wins face-off versus Ryan O'Reilly in Canadiens zone.
7:07 of 3rd period - Slapshot by Vladislav Gavrikov.
7:07 of 3rd period - Deflect By Patric Hornqvist.
7:07 of 3rd period - Shot Blocked by Quinn Hughes.
7:07 of 3rd period - Puck is out of play.
7:08 of 3rd period - Jean-Gabriel Pageau wins face-off versus Auston Matthews in Canadiens zone.
7:09 of 3rd period - Snap shot by Andrei Kuzmenko.
7:09 of 3rd period - Stopped by Maxime Daigneault with a rebound.
7:14 of 3rd period - Off-side.
7:15 of 3rd period - Jean-Gabriel Pageau wins face-off versus Auston Matthews in neutral zone.
7:33 of 3rd period - Jarred Tinordi is hit by Quinn Hughes and loses puck.
8:38 of 3rd period - Snap shot by Andrei Kuzmenko.
8:38 of 3rd period - Stopped by Maxime Daigneault without a rebound.
8:39 of 3rd period - Sean Monahan wins face-off versus Ryan O'Reilly in Canadiens zone.
8:54 of 3rd period - Wrist shot by Ryan O'Reilly.
8:54 of 3rd period - Shot Misses the Net.
9:24 of 3rd period - Adam Fox is hit by Kyle Clifford and loses puck.
9:35 of 3rd period - Wrist shot by Nick Cousins.
9:35 of 3rd period - Stopped by Maxime Daigneault with a rebound.
9:38 of 3rd period - Icing by Adam Fox.
9:39 of 3rd period - Ryan O'Reilly wins face-off versus Joel Eriksson Ek in Canadiens zone.
9:44 of 3rd period - Snap shot by Ryan O'Reilly.
9:44 of 3rd period - Stopped by Maxime Daigneault with a rebound.
9:46 of 3rd period - Slapshot by Jack Johnson.
9:46 of 3rd period - Shot Misses the Net.
9:48 of 3rd period - Wrist shot by Patric Hornqvist.
9:48 of 3rd period - Stopped by Maxime Daigneault with a rebound.
9:50 of 3rd period - Snap shot by Patric Hornqvist.
9:50 of 3rd period - Shot Misses the Net.
9:52 of 3rd period - Wrist shot by Patric Hornqvist.
9:52 of 3rd period - Goal by Patric Hornqvist - Avalanche : 7 - Canadiens : 1.
9:53 of 3rd period - Auston Matthews wins face-off versus Ryan O'Reilly in neutral zone.
10:08 of 3rd period - Wrist shot by David Pastrnak.
10:08 of 3rd period - Stopped by Robin Lehner without a rebound.
10:09 of 3rd period - Jean-Gabriel Pageau wins face-off versus Sean Monahan in Avalanche zone.
10:56 of 3rd period - Off-side.
10:57 of 3rd period - Bryan Little wins face-off versus Nick Suzuki in neutral zone.
11:09 of 3rd period - Minor Penalty to Ben Smith for Tripping.
11:10 of 3rd period - Jean-Gabriel Pageau wins face-off versus Anthony Cirelli in Canadiens zone.
11:16 of 3rd period - Snap shot by Jean-Gabriel Pageau.
11:16 of 3rd period - Shot Misses the Net.
11:36 of 3rd period - Brandon Carlo is hit by David Rundblad and loses puck.
12:59 of 3rd period - Jarred Tinordi is hit by Quinn Hughes.
13:09 of 3rd period - Penalty to Ben Smith is over, Ben Smith is back on ice.
13:24 of 3rd period - Snap shot by Patric Hornqvist.
13:24 of 3rd period - Goal by Patric Hornqvist - Avalanche : 8 - Canadiens : 1.
13:25 of 3rd period - Auston Matthews wins face-off versus Ryan O'Reilly in neutral zone.
15:43 of 3rd period - Nikita Kucherov is hit by Anthony Duclair and loses puck.
16:56 of 3rd period - Minor Penalty to Nick Cousins for Holding.
16:57 of 3rd period - Auston Matthews wins face-off versus Jean-Gabriel Pageau in Avalanche zone.
17:02 of 3rd period - Snap shot by Mikkel Boedker.
17:02 of 3rd period - Stopped by Robin Lehner with a rebound.
17:04 of 3rd period - Slapshot by Mikkel Boedker.
17:04 of 3rd period - Goal by Mikkel Boedker - Avalanche : 8 - Canadiens : 2.
17:05 of 3rd period - David Pastrnak wins face-off versus Jean-Gabriel Pageau in neutral zone.
17:10 of 3rd period - Slapshot by Quinn Hughes.
17:10 of 3rd period - Shot Misses the Net.
17:12 of 3rd period - Wrist shot by Auston Matthews.
17:12 of 3rd period - Shot Misses the Net.
17:32 of 3rd period - Sean Monahan is hit by Patric Hornqvist and loses puck.
17:43 of 3rd period - Snap shot by Nikita Kucherov.
17:43 of 3rd period - Stopped by Robin Lehner with a rebound.
17:53 of 3rd period - Snap shot by Bryan Little.
17:53 of 3rd period - Stopped by Maxime Daigneault with a rebound.
17:55 of 3rd period - Snap shot by Nick Cousins.
17:55 of 3rd period - Shot Misses the Net.
17:57 of 3rd period - Snap shot by Kyle Clifford.
17:57 of 3rd period - Shot Misses the Net.
18:05 of 3rd period - Slapshot by Bryan Little.
18:05 of 3rd period - Deflect By Kyle Clifford.
18:05 of 3rd period - Stopped by Maxime Daigneault without a rebound.
18:06 of 3rd period - Jean-Gabriel Pageau wins face-off versus Auston Matthews in Canadiens zone.
18:15 of 3rd period - Backhand shot by Rickard Rakell.
18:15 of 3rd period - Goal by Rickard Rakell - Avalanche : 9 - Canadiens : 2.
18:16 of 3rd period - Auston Matthews wins face-off versus Ryan O'Reilly in neutral zone.
18:33 of 3rd period - Slapshot by Quinn Hughes.
18:33 of 3rd period - Deflect By Anthony Duclair.
18:33 of 3rd period - Goal by Quinn Hughes - Avalanche : 9 - Canadiens : 3.
18:34 of 3rd period - Jean-Gabriel Pageau wins face-off versus Auston Matthews in neutral zone.
18:48 of 3rd period - Minor Penalty to Auston Matthews for Hooking.
18:49 of 3rd period - Jean-Gabriel Pageau wins face-off versus Anthony Cirelli in Canadiens zone.
19:22 of 3rd period - Brandon Carlo is hit by Bryan Little and loses puck.
Goals for this period are 5 for Avalanche vs 2 for Canadiens.
Shots for this period are 15 for Avalanche vs 10 for Canadiens.
Output by the SimonT Hockey Simulator (STHS) for Francois Prevost